 Dungeon Crawl Stone Soup version 0.28-a0-1087-gf3fc490d9d (webtiles) character file.

Game seed: 5294895952068350598

66 siradein the Skirmisher (level 4, 0/42 HPs)
             Began as a Naga Fighter on Dec 10, 2021.
             Slain by Terence (2 damage)
             ... on level 2 of the Dungeon.
             The game lasted 00:01:40 (1376 turns).

siradein the Skirmisher (Naga Fighter)              Turns: 1376, Time: 00:01:41

Health: 0/42       AC:  5    Str: 19    XL:     4   Next: 15%
Magic:  4/4        EV:  7    Int:  8    God:
Gold:   69         SH:  4    Dex: 12    Spells: 3/3 levels left

rFire   . . .      SeeInvis +   a - +0 flail
rCold   . . .      Faith    .   c - +0 buckler
rNeg    . . .      Spirit   .   b - +0 scale mail
rPois   +          Reflect  .   (no helmet)
rElec   .          Harm     .   (no cloak)
rCorr   .          Rampage  .   (no gloves)
Will    .....                   (no barding)
Stlth   ..........              (no amulet)
HPRegen 0.14/turn               g - +4 ring of slaying
MPRegen 0.09/turn               (no ring)

@: very slow
A: AC +1, large, see invisible, deformed body, poison resistance, slowness 2,
spit poison 1, naga tail 1
a: Spit Poison


You were on level 2 of the Dungeon.
You visited 1 branch of the dungeon, and saw 2 of its levels.

You collected 69 gold pieces.

Inventory:

Hand Weapons
 a - a +0 flail (weapon)
Armour
 b - a +0 scale mail (worn)
 c - a +0 buckler (worn)
Jewellery
 g - a +4 ring of slaying (left hand)
Scrolls
 e - a scroll of teleportation {unknown}
 i - 2 scrolls of immolation {unknown}
 j - a scroll of noise {unknown}
 l - a scroll of amnesia {unknown}
 m - a scroll of torment {unknown}
Potions
 d - a potion of might
 f - a potion of flight {unknown}
 h - a potion of curing {unknown}
 k - a potion of degeneration {unknown}


   Skills:
 + Level 3.5 Fighting
 + Level 2.7 Maces & Flails
 + Level 2.9 Armour
 + Level 2.9 Shields


You had 3 spell levels left.
You didn't know any spells.
Your spell library contained the following spells:

 Spells                   Type           Power      Damage    Failure   Level
 Sandblast                Erth           0%         2d4       78%         1
 Passwall                 Tmut/Erth      0%         N/A       89%         2
 Dazzling Flash           Conj/Hex       0%         N/A       98%         3
 Stone Arrow              Conj/Erth      0%         3d7       98%         3
 Agony                    Necr           0%         N/A       100%        5
 Silence                  Hex/Air        0%         N/A       100%        5


Dungeon Overview and Level Annotations

Branches:
Dungeon (2/15)

Altars:
Dithmenos

Shops:
D:1 [

Annotations:
D:2 Terence


Innate Abilities, Weirdness & Mutations

Your serpentine skin is tough. (AC +1)
You have supernaturally acute eyesight. (SInv)
Armour fits poorly on your strangely shaped body.
Your system is resistant to poisons. (rPois)
You cover ground very slowly.
You can spit poison.
You have a snake-like lower body.


Message History

Aiming: Spit Poison (1% risk of failure)
Press: ? - help, Q - select action Shift-Dir - straight line, f - adder
Aim: an adder (moderately wounded)
Okay, then.
You hit the adder.
The adder is heavily wounded.
The adder closely misses you.
Terence hits you from afar with a +0 trident.
The adder closely misses you.
You barely miss the adder.
The adder is heavily wounded.
The adder bites you but does no damage.
Terence says, "You're history."
Terence hits you from afar with a +0 trident.
You closely miss the adder.
The adder is heavily wounded.
The adder barely misses you. You block Terence's attack. The adder bites you.
You sock the adder!
You kill the adder!
Terence hits you from afar with a +0 trident!
* * * LOW HITPOINT WARNING * * *
A hobgoblin comes into view.
Terence hits you but does no damage.
Aiming: Spit Poison (1% risk of failure)
Press: ? - help, Q - select action Shift-Dir - straight line, f - Terence
Aim: Terence, wielding a +0 trident and wearing a +0 scale mail The splash of poison misses Terence.
Terence hits you from afar with a +0 trident.
* * * LOW HITPOINT WARNING * * *
Terence asks, "Do you want it fast or slow?"
You block Terence's attack.
You have got your breath back.
Terence hits you from afar with a +0 trident.
* * * LOW HITPOINT WARNING * * *
You start resting.
Terence is nearby!
You hit Terence.
Terence is moderately wounded.
Terence hits you with a +0 trident.
You die...

##### #.#.###
#.#...################
#...@.................
#.#.#@#########..#####
#.#@#.# #..# #.#g#.#
#..# #.#.#.# #..#
#.#.#.# #..# #+#†#.#
#..# # ....@...#.#
#..# # ...........
#..# # .......#.##
#..# #


You could see Terence.

Vanquished Creatures
  Jessica (D:2)
  An adder (D:2)
  A ball python (D:1)
  7 endoplasms (D:1)
  2 giant cockroaches (D:1)
  2 goblins (D:1)
  A hobgoblin (D:1)
  2 jackals (D:1)
  2 quokkas (D:1)
  5 bats (D:1)
  A frilled lizard (D:1)
  2 kobolds (D:1)
27 creatures vanquished.

Notes
Turn   | Place    | Note
-------+----------+-------------------------------------------
     0 | D:1      | siradein the Naga Fighter began the quest for the Orb.
     0 | D:1      | Reached XP level 1. HP: 21/21 MP: 1/1
   117 | D:1      | Found Woxud's Armour Shoppe.
   183 | D:1      | Reached XP level 2. HP: 27/28 MP: 2/2
   462 | D:1      | Reached XP level 3. HP: 22/34 MP: 3/3
   599 | D:1      | Found a faded altar of an unknown god.
   996 | D:2      | Noticed Jessica
  1003 | D:2      | Killed Jessica
  1004 | D:2      | Reached XP level 4. HP: 8/42 MP: 4/4
  1278 | D:2      | Found a shadowy altar of Dithmenos.
  1360 | D:2      | Noticed Terence
  1373 | D:2      | HP: 2/42 [Terence (4)]
  1376 | D:2      | Slain by Terence

Illustrated notes

Levels and vault maps discovered:
D:1:      tarquinn_simple_flora_water_b, layout_rooms, serial_shops, shop,
          hellmonk_ecumenical_altar_lost_god, minmay_tromino_v7
D:2:      layout_basic, basic_altar, uniq_terence, uniq_jessica

Action                   |  1- 3 |  4- 6 || total
-------------------------+-------+-------++-------
Melee: Flail             |    63 |     7 ||    70
 Abil: Spit Poison       |    13 |     1 ||    14
Armor: Scale mail        |    31 |     3 ||    34
Dodge: Dodged            |    26 |     5 ||    31
Block: Buckler           |    22 |     3 ||    25

Table legend: (Time is in decaauts)
 A = Elapsed time spent in this place.
 B = Non-inter-level travel time spent in this place.
 C = Inter-level travel time spent in this place.
 D = Time resting spent in this place.
 E = Time spent auto-exploring this place.
 F = Levels seen in this place.
 G = Mean time per level.
                   A        B        C        D        E       F      G
               +--------+--------+--------+--------+--------+-----+--------+
         Total |   1634 |   1585 |     49 |      1 |   1357 |   2 |  817.0 |
       Dungeon |   1634 |   1585 |     49 |      1 |   1357 |   2 |  817.0 |
               +--------+--------+--------+--------+--------+-----+--------+

Top non-repeatable levels by time:
     D:1: 1119 daAuts
     D:2: 514 daAuts
